 Dungeon Crawl Stone Soup version 0.30.1-11-g7821555f0a (webtiles) character file.

Game seed: 13967543352484647238

288 jagang the Trooper (level 6, -2/52 HPs)
             Began as a Barachi Monk on Dec 20, 2023.
             Slain by a scorpion (3 damage)
             ... on level 4 of the Dungeon.
             The game lasted 00:04:27 (2741 turns).

jagang the Trooper (Barachi Monk)                   Turns: 2741, Time: 00:04:27

Health: -2/52      AC:  5    Str: 12    XL:     6   Next: 31%
Magic:  6/6        EV: 11    Int: 10    God:
Gold:   179        SH:  0    Dex: 17    Spells: 5/5 levels left

rFire   + . .        a - +0 falchion
rCold   . . .        d - orb {light}
rNeg    . . .        s - +0 ring mail
rPois   .            (no helmet)
rElec   .            (no cloak)
rCorr   .            (no gloves)
SInv    .            (no boots)
Will    .....        (no amulet) Stlth
                     j - ring of protection from fire
HPRegen 0.28/turn    (no ring)
MPRegen 0.10/turn

%: no passive effects
@: confused, lethally poisoned (-2 -> -16), ambrosia-drunk, glowing, slow
A: amphibious, slowness 1, strong legs 1, +LOS
a: Hop


You were on level 4 of the Dungeon.
You visited 1 branch of the dungeon, and saw 4 of its levels.

You collected 179 gold pieces.

Inventory:

Hand Weapons
 a - a +0 falchion (weapon)
Missiles
 o - 5 boomerangs of dispersal (quivered)
Armour
 d - an orb of light (worn)
 f - a +0 buckler
 s - a +0 ring mail (worn)
Jewellery
 j - a ring of protection from fire (left hand)
Scrolls
 e - a scroll of teleportation {unknown}
 h - a scroll of vulnerability {unknown}
 i - a scroll of poison {unknown}
 k - a scroll of fear {unknown}
 l - 7 scrolls of identify {unknown}
 n - 2 scrolls of blinking {unknown}
 p - a scroll of silence {unknown}
Potions
 g - a potion of flight {unknown}
 m - a potion of brilliance {unknown}
 q - a potion of berserk rage {unknown}
 r - a potion of heal wounds {unknown}


   Skills:
 * Level 5.7 Fighting
 * Level 5.6 Long Blades
 + Level 2.7 Armour
 - Level 3.2 Dodging
 + Level 2.1 Shields


You had 5 spell levels left.
You didn't know any spells.
Your spell library contained the following spells:

 Spells                   Type           Power      Damage    Failure   Level
 Freeze                   Ice            0%         1d3       63%         1
 Ensorcelled Hibernation  Hex/Ice        0%         N/A       77%         2
 Frozen Ramparts          Ice            0%         1d1       94%         3
 Hailstorm                Conj/Ice       0%         3d3       94%         3
 Spider Form              Tmut/Pois      0%         N/A       94%         3
 Anguish                  Hex/Necr       0%         N/A       100%        4
 Malign Gateway           Summ/Tloc      0%         N/A       100%        7
 Summon Horrible Things   Summ           0%         N/A       100%        8


Dungeon Overview and Level Annotations

Branches:
Dungeon (4/15)
 Temple: D:4-7

Altars:
Cheibriados

Shops:
D:2 [

Annotations:
D:3 1 runed translucent door, awry's ghost, amateur DrBe
D:4 Menkaure


Innate Abilities, Weirdness & Mutations

You are amphibious.
You cover ground slowly.
You can hop short distances.
You have an extended range of vision and can be seen from far away.


Message History

You are more poisoned.
The scorpion poisons you!
The scorpion stings you but does no damage.
You hit the scorpion but do no damage.
You feel very sick. The scorpion barely misses you.
You barely miss the scorpion.
You feel very sick. The scorpion barely misses you.
You hit the scorpion.
The scorpion is moderately wounded.
You feel very sick. The scorpion stings you. The scorpion barely misses you.
You hit the scorpion.
The scorpion is moderately wounded.
You feel sick. The scorpion stings you.
* * * LOW HITPOINT WARNING * * *
Okay, then.
You hit the scorpion but do no damage.
The scorpion is moderately wounded.
* * * LOW HITPOINT WARNING * * *
You feel sick.
The scorpion stings you but does no damage.
Throw: 6 boomerangs (disperse)
Press: ? - help, Q - select action, (/) - cycle Shift-Dir - straight line, f - scorpion
Aim: a scorpion (moderately wounded, haloed, 79% to hit)
You throw a boomerang of dispersal.
The boomerang of dispersal hits the scorpion and shatters, but does no damage.
The scorpion is moderately wounded.
* * * LOW HITPOINT WARNING * * *
You feel sick. The scorpion stings you.
* * * LOW HITPOINT WARNING * * *
You are more poisoned.
The scorpion poisons you! The scorpion barely misses you.
You are confused.
You feel invigorated.
* * * LOW HITPOINT WARNING * * *
You feel very sick. The scorpion stings you.
You die...

#. #. #. # #.
#.###. .....
... #.####.#.#
#.@....!#
#......s.##?##
.....####.#
.... !# ## .#
.# ######.##
##.#.......###
#....<........


You could see a scorpion.

Vanquished Creatures
  Sigmund (D:2)
  3 adders
  5 worms
  2 dart slugs (D:2)
  8 endoplasms
  2 giant cockroaches
  13 goblins
  5 hobgoblins
  3 jackals (D:1)
  2 quokkas
  6 ball pythons
  11 bats
  6 frilled lizards
  3 kobolds (D:1)
  3 rats
73 creatures vanquished.

Notes
Turn   | Place    | Note
-------+----------+-------------------------------------------
     0 | D:1      | jagang the Barachi Monk began the quest for the Orb.
     0 | D:1      | Reached XP level 1. HP: 18/18 MP: 1/1
   135 | D:1      | Reached XP level 2. HP: 25/25 MP: 2/2
   426 | D:1      | Reached skill level 1 in Armour
   515 | D:1      | Reached XP level 3. HP: 30/30 MP: 3/3
   854 | D:1      | Found a faded altar of an unknown god.
  1208 | D:2      | Reached XP level 4. HP: 32/38 MP: 4/4
  1301 | D:2      | Reached skill level 1 in Shields
  1628 | D:2      | Found Kaddinomm's Armour Boutique.
  1764 | D:2      | Noticed Sigmund
  1775 | D:2      | Killed Sigmund
  1776 | D:2      | Reached skill level 5 in Fighting
  1776 | D:2      | Reached skill level 5 in Long Blades
  1776 | D:2      | Reached XP level 5. HP: 44/44 MP: 5/5
  1776 | D:2      | Reached XP level 6. HP: 51/51 MP: 6/6
  2036 | D:3      | Found a runed translucent door.
  2036 | D:3      | Noticed awry's ghost (amateur DrBe)
  2099 | D:3      | Found a snail-covered altar of Cheibriados.
  2685 | D:4      | Noticed Menkaure
  2740 | D:4      | HP: 2/52 [scorpion (4)]
  2741 | D:4      | Slain by a scorpion

Illustrated notes

Levels and vault maps discovered:
D:1:      scummos_arrival_star, layout_basic, serial_curves, eino_curves_03,
          eino_curves_01, shapermc_ecumenical_altar_petra,
          kennysheep_decorative_pillar, minmay_misc_feat_more_columns
D:2:      layout_loops_ring, serial_shops, nicolae_shop_back_alley_shop,
          minmay_domino_4, uniq_sigmund
D:3:      layout_loops_ring, lemuel_crystal_altar,
          hellmonk_ghost_happy_afterlife, chequers_serial_rivers_micro_b
D:4:      layout_loops_ring, mainiacjoe_overflow_brackets,
          minmay_temple_entry_sparse_star, gammafunk_ghost_necromancy,
          kennysheep_donut, corexii_shack, minmay_distorted, uniq_menkaure

Skill      XL: |  1  2  3  4 |
---------------+-------------+-----
Long Blades    | 4 5 |  5.6
Fighting       | 4 5 |  5.7
Armour         | 1 2 |  2.7
Shields        | 2 |  2.1
Dodging        | |  3.2

Action                     |  1- 3 |  4- 6 || total
---------------------------+-------+-------++-------
  Melee: Falchion          |   114 |    97 ||   211
  Throw: Boomerang         |       |     1 ||     1
    Use: Potion            |       |     1 ||     1
 Armour: Robe              |    29 |    16 ||    45
         Ring mail         |       |     3 ||     3
  Dodge: Dodged            |   101 |    53 ||   154
